 Dungeon Crawl Stone Soup version 0.28-a0-987-g8383568036 (webtiles) character file.

Game seed: 5075430017918812356

5586 MirrMurr the Covert (level 10, -11/49 HPs)
             Began as a Spriggan Enchanter on Dec 4, 2021.
             Was a Priest of Dithmenos.
             Mangled by a wight (12 damage)
             ... on level 9 of the Dungeon.
             The game lasted 00:23:52 (13389 turns).

MirrMurr the Covert (Spriggan Enchanter)           Turns: 13389, Time: 00:23:53

Health: -11/49     AC: 12    Str:  8    XL:     10   Next: 45%
Magic:  13/17      EV: 24    Int: 17    God:    Dithmenos [***...]
Gold:   718        SH:  0    Dex: 16    Spells: 6/17 levels left

rFire   . . .      SeeInvis +   a - +2 dagger (venom)
rCold   . . .      Faith    .   (shield restricted)
rNeg    . . .      Spirit   .   o - +1 robe
rPois   .          Reflect  .   D - +0 hat
rElec   .          Harm     .   v - +0 cloak {Will+}
rCorr   .          Rampage  .   (gloves unavailable)
Will    ++...                   (boots unavailable)
Stlth   +++++++...              (no amulet)
HPRegen 0.16/turn               h - +4 ring of protection
MPRegen 0.15/turn               G - +4 ring of protection

@: confusing by touch, wreathed by umbra, very quick
A: very small, no large weapons, unfitting armour, see invisible, speed 3
a: Renounce Religion, Shadow Step


You were on level 9 of the Dungeon.
You worshipped Dithmenos.
Dithmenos was most pleased with you.
You visited 2 branches of the dungeon, and saw 10 of its levels.
You also visited: Ossuary.

You collected 718 gold pieces.

Inventory:

Hand Weapons
 a - a +2 dagger of venom (weapon)
 b - a +1 dagger
Missiles
 f - 374 stones (quivered)
 i - 32 poisoned darts
 J - 2 boomerangs
Armour
 o - a +1 robe (worn)
 v - a +0 cloak of willpower (worn)
 D - a +0 hat (worn)
Jewellery
 h - a +4 ring of protection (left hand)
 A - a ring of protection from fire
 G - a +4 ring of protection (right hand)
Wands
 s - a wand of paralysis (3)
 x - a wand of iceblast (15)
 z - a wand of flame (15)
 B - a wand of charming (5)
 F - a wand of digging (3)
 I - a wand of polymorph (4)
Scrolls
 l - 2 scrolls of fog
 m - a scroll of silence
 p - 2 scrolls of blinking
 r - a scroll of magic mapping
 y - 4 scrolls of vulnerability
 E - 3 scrolls of teleportation
 H - a scroll of fear
Potions
 c - 2 potions of invisibility
 d - 5 potions of heal wounds
 e - 3 potions of might
 g - 7 potions of curing
 j - 2 potions of mutation {unknown}
 k - 2 potions of attraction {unknown}
 n - 2 potions of brilliance
 q - a potion of ambrosia
 t - 2 potions of berserk rage
 u - 2 potions of resistance
 w - 2 potions of flight {unknown}
 C - 2 potions of haste {unknown}
 K - 2 potions of lignification {unknown}
 L - a potion of magic {unknown}


   Skills:
 - Level 4.0 Fighting
 * Level 7.9 Short Blades
 * Level 10.8 Dodging
 * Level 11.6 Stealth
 - Level 4.0 Spellcasting
 - Level 8.0 Hexes
 + Level 3.7 Invocations


You had 6 spell levels left.
You knew the following spells:

 Your Spells              Type           Power      Damage    Failure   Level
a - Ensorcelled Hibernat  Hex/Ice        34%        N/A       4%          2
b - Confusing Touch       Hex            30%        N/A       1%          3
c - Tukima's Dance        Hex            30%        N/A       1%          3
d - Dazzling Flash        Conj/Hex       34%        N/A       9%          3

Your spell library contained the following spells:

 Spells                   Type           Power      Damage    Failure   Level
 Animate Skeleton         Necr           6%         N/A       16%         1
 Pain                     Necr           12%        1d4       16%         1
 Shock                    Conj/Air       12%        1d3       16%         1
 Swiftness                Air            3%         N/A       43%         3
 Vampiric Draining        Necr           3%         2d6       43%         3
 Airstrike                Air            1%         N/A       83%         4


Dungeon Overview and Level Annotations

Branches:
Dungeon (9/15)             Temple (1/1) D:5            Lair (0/6) D:9
Ossuary (visited)
    Orc: D:9-12

Altars:
Ashenzari
Cheibriados
Dithmenos
Elyvilon
Fedhas
Gozag
Hepliaklqana
Kikubaaqudgha
Makhleb
Okawaru
Qazlal
Ru
Sif Muna
Trog
Uskayaw
Vehumet
Wu Jian
Xom
Yredelemnul
Zin
The Shining One

Shops:
D:1 [   D:6 **?!

Annotations:
D:9 Harold


Innate Abilities, Weirdness & Mutations

You are very small and have problems with some larger weapons.
You are too small for most types of armour.
You have supernaturally acute eyesight. (SInv)
You cover ground extremely quickly. (Speed+++)


Message History

Harold shouts!
Harold fires a harpoon shot at you. The harpoon shot misses you.
Harold casts a spell at you.
You barely resist.
Casting: Confusing Touch (safe; 1% risk of failure)
Confirm with . or Enter, or press ? or * to list all spells.
Aiming: Ensorcelled Hibernation (safe; 4% risk of failure)
Press: ? - help, Shift-Dir - straight line, f - Harold
Aim: Harold, wielding a +0 morningstar, wearing a +0 scale mail and quivering 4 throwing nets (umbra, chance to affect: 16%) Harold resists with almost no effort.
Harold throws a throwing net.
The throwing net completely misses you.
A wight comes into view. It is wielding a +2 great sword.
Casting: Ensorcelled Hibernation (safe; 4% risk of failure)
Confirm with . or Enter, or press ? or * to list all spells.
Your hands begin to glow red.
Harold throws a throwing net.
The throwing net hits you.
You become entangled in the net!
You struggle against the net.
A wight comes into view. It is wielding a +0 mace.
You struggle against the net.
A wight comes into view. It is wielding a +3 long sword.
Harold hits you with a +0 morningstar!!
You struggle against the net.
Harold hits you with a +0 morningstar! The wight misses you.
You rip the net and break free!
Harold completely misses you. The wight completely misses you.
Unknown command.
A wight comes into view. It is wielding a +0 morningstar.
The wight completely misses you.
Harold throws a throwing net.
The throwing net hits you.
You become entangled in the net!
Things that are here:
a throwing net; a throwing net You struggle against the net.
You tear a large gash into the net.
Harold hits you with a +0 morningstar!
* * * LOW HITPOINT WARNING * * *
You shred the net and break free! The wight completely misses you.
Harold shouts, "Can you die now?
I had plans for the rest of the day!"
Harold misses you.
The wight hits you with a +2 great sword!
You die...

##..# #...#
#..# #...#
#..Ť.###...
#.#.# ...
...#..o
#.#.# #.#
#.#o#.
#.#.##..#
#|...(
#.#....#
#..#.#
#.#..###
#..##o#
#.#..#
#.###.#
#.#@.# ...
#... #(z#
.### #...
#@z# # #...
##zz# #...
....# #...
.##....
#... ##
###. #...
.... #....


You could see Harold and 4 wights.

Vanquished Creatures
  A hornet (D:6)
  11 yaks
  2 wyverns
  2 water moccasins (D:9)
  3 orc warriors
  2 sky beasts (D:5)
  2 black bears
  An ogre (D:7)
  A necrophage (D:5)
  3 centaurs
  A phantom (D:6)
  4 bullfrogs
  7 scorpions
  7 wights
  2 vampire bats (D:5)
  3 centaur zombies
  4 hounds
  Crazy Yiuf (D:4)
  A bullfrog skeleton (D:4)
  A jelly (D:7)
  2 orc priests
  A bullfrog zombie (D:5)
  Jessica (D:3)
  A centaur skeleton (D:4)
  2 scorpion zombies (D:5)
  5 orc wizards
  8 mummies (Ossuary)
  2 howler monkey zombies (D:8)
  Robin (D:2)
  5 gnolls
  A howler monkey skeleton (D:7)
  11 adders
  A shadow imp (D:6)
  2 adder skeletons (D:4)
  2 worms (D:2)
  2 dart slugs
  25 orcs
  3 bat skeletons (D:5)
  2 bat zombies (D:5)
  7 endoplasms
  5 giant cockroaches
  2 gnoll zombies (Ossuary)
  17 goblins
  8 hobgoblins
  A quokka (D:4)
  6 ball pythons
  4 bats
  3 frilled lizards
  2 hobgoblin zombies (Ossuary)
  5 kobolds
  A kobold zombie (Ossuary)
  3 orc zombies (Ossuary)
  A quokka skeleton (D:4)
  7 rats
  A rat zombie (D:8)
209 creatures vanquished.

Vanquished Creatures (collateral kills)
  2 wights
  A gnoll (D:2)
3 creatures vanquished.

Vanquished Creatures (others)
  3 dancing weapons
  64 fungi (D:9)
  49 plants (D:9)
116 creatures vanquished.

Grand Total: 328 creatures vanquished

Notes
Turn   | Place    | Note
-------+----------+-------------------------------------------
     0 | D:1      | MirrMurr the Spriggan Enchanter began the quest for the
                  | Orb.
     0 | D:1      | Reached XP level 1. HP: 9/9 MP: 5/5
   517 | D:1      | Found Habeda's Armour Emporium.
   645 | D:1      | Reached skill level 5 in Stealth
   645 | D:1      | Reached XP level 2. HP: 13/13 MP: 6/6
   648 | D:1      | Learned a level 2 spell: Ensorcelled Hibernation
  1378 | D:2      | Reached XP level 3. HP: 16/16 MP: 8/8
  1407 | D:1      | Learned a level 3 spell: Confusing Touch
  1859 | D:2      | Found a faded altar of an unknown god.
  1909 | D:2      | Reached skill level 6 in Stealth
  2087 | D:2      | Reached XP level 4. HP: 21/21 MP: 9/9
  2091 | D:2      | Learned a level 3 spell: Tukima's Dance
  2147 | D:2      | Noticed Robin
  2997 | D:2      | Found a faded altar of an unknown god.
  3205 | D:2      | Killed Robin
  3994 | D:3      | Reached skill level 7 in Stealth
  3994 | D:3      | Reached XP level 5. HP: 22/24 MP: 5/10
  4071 | D:3      | Found an iron altar of Okawaru.
  4423 | D:3      | Noticed Jessica
  4433 | D:3      | Killed Jessica
  5038 | D:4      | Reached skill level 8 in Stealth
  5038 | D:4      | Reached XP level 6. HP: 20/28 MP: 8/11
  5306 | D:4      | Found a radiant altar of Vehumet.
  5443 | D:4      | Reached skill level 5 in Short Blades
  6056 | D:4      | Found a runed translucent door.
  6057 | D:4      | Noticed Crazy Yiuf
  6064 | D:4      | Killed Crazy Yiuf
  6215 | D:5      | Entered Level 5 of the Dungeon
  6256 | D:5      | Reached skill level 5 in Hexes
  6367 | D:5      | Reached XP level 7. HP: 26/32 MP: 9/14
  6449 | D:5      | Found a staircase to the Ecumenical Temple.
  6465 | Temple   | Entered the Ecumenical Temple
  6800 | Temple   | Became a worshipper of Dithmenos the Shadowed
  7046 | D:5      | Found an opulent altar of Gozag.
  7413 | D:5      | Reached skill level 1 in Fighting
  7413 | D:5      | Reached XP level 8. HP: 37/37 MP: 15/15
  7510 | D:5      | Found an ancient bone altar of Kikubaaqudgha.
  7746 | D:5      | Found a bloodstained altar of Trog.
  8000 | D:6      | Noticed a hornet
  8007 | D:6      | Killed a hornet
  8008 | D:6      | Reached skill level 5 in Dodging
  8130 | D:6      | Reached * piety under Dithmenos
  8454 | D:6      | Found a shimmering altar of Xom.
  8778 | D:6      | Found Faran's Antique Armour Boutique.
  8852 | D:6      | Found Zisula's Assorted Antiques.
  8936 | D:6      | Found Intakeg's General Store.
  8938 | D:6      | Found Tiebamat's Distillery.
  8986 | D:6      | Found Nohuifakh's Magic Scroll Shop.
  9088 | D:6      | Reached XP level 9. HP: 42/45 MP: 12/16
  9092 | D:6      | Learned a level 3 spell: Dazzling Flash
 10198 | D:8      | Found a stormy altar of Qazlal.
 10376 | D:8      | Reached skill level 1 in Invocations
 10443 | D:8      | Reached ** piety under Dithmenos
 10531 | D:8      | Found a sand-covered staircase.
 10545 | Ossuary  | Entered an ossuary
 10815 | Ossuary  | Reached skill level 9 in Stealth
 11482 | D:8      | Identified the +8 whip "Emeneid" {elec, rN+ rCorr Int+2}
 11991 | D:8      | Reached skill level 10 in Stealth
 12464 | D:8      | Reached XP level 10. HP: 46/49 MP: 14/17
 12506 | D:8      | Reached skill level 10 in Dodging
 12642 | D:9      | Reached skill level 11 in Stealth
 12865 | D:9      | Found a staircase to the Lair.
 12903 | D:9      | Reached *** piety under Dithmenos
 13373 | D:9      | Noticed Harold
 13387 | D:9      | HP: 1/49 [Harold (16)]
 13389 | D:9      | Mangled by a wight

Illustrated notes

Levels and vault maps discovered:
D:1:      psy_arrival_dodecagon, layout_basic, serial_shops, shop
D:2:      minmay_angry_zag, layout_rooms, chequers_ecumenical_altar_twisty,
          uniq_robin
D:3:      layout_basic, okawaru_altar_gauntlet_db, uniq_jessica
D:4:      kennysheep_spiral_hall, layout_rooms, nicolae_vehumet_altar_sigil,
          uniq_crazy_yiuf_cottage
D:5:      layout_loops_ring, kennysheep_vampire_church,
          mainiacjoe_overflow_catch_the_wave, temple_fountains,
          grunt_ministairs_14
D:6:      layout_loops_corners, mainiacjoe_overflow_boulevard, serial_shops,
          shop_fountains, shop, shop_fountains, shop_fountains, shop_statue,
          minmay_quadrilaterals
D:7:      layout_cave_pods
D:8:      layout_gridville, nicolae_qazlal_scattered_showers, enter_ossuary_3
D:9:      layout_rooms, due_lair_maze_entry_diamond, amcnicky_mini_pool_small,
          kennysheep_small_circle, uniq_harold
Temple:   dpeg_chambers_temple

Skill      XL: |  1  2  3  4  5  6  7  8  9 10 |
---------------+-------------------------------+-----
Stealth        | 5 6 7 8 10 11 | 11.6
Short Blades   | 2 3 4 5 7 |  7.9
Spellcasting   | 4 |  4.0
Hexes          | 5 8 |  8.0
Dodging        | 3 7 9 10 | 10.8
Fighting       | 1 4 |  4.0
Invocations    | 2 3 |  3.7

Action                   |  1- 3 |  4- 6 |  7- 9 | 10-12 || total
-------------------------+-------+-------+-------+-------++-------
Melee: Dagger            |    72 |   182 |   353 |    65 ||   672
Throw: Stone             |    11 |     3 |    70 |     4 ||    88
 Cast: Ensorcelled Hiber |    13 |    54 |    53 |    30 ||   150
       Tukima's Dance    |       |     1 |     6 |     4 ||    11
       Confusing Touch   |       |     6 |    20 |     2 ||    28
  Use: Scroll            |     2 |    11 |     6 |       ||    19
 Stab: Sleeping          |    18 |    48 |    44 |    16 ||   126
       Confused          |       |     6 |    19 |     1 ||    26
Armor: Robe              |     6 |    21 |    38 |    12 ||    77
Dodge: Dodged            |    49 |   115 |   282 |    92 ||   538

Table legend: (Time is in decaauts)
 A = Elapsed time spent in this place.
 B = Non-inter-level travel time spent in this place.
 C = Inter-level travel time spent in this place.
 D = Time resting spent in this place.
 E = Time spent auto-exploring this place.
 F = Levels seen in this place.
 G = Mean time per level.
                   A        B        C        D        E       F      G
               +--------+--------+--------+--------+--------+-----+--------+
         Total |  10386 |   9964 |    422 |    289 |   7833 |  11 |  944.2 |
       Dungeon |   9533 |   9138 |    395 |    135 |   7395 |   9 | 1059.2 |
        Temple |    234 |    207 |     27 |      0 |    198 |   1 |  234.0 |
       Ossuary |    619 |    619 |      0 |    153 |    240 |   1 |  619.0 |
               +--------+--------+--------+--------+--------+-----+--------+

Top non-repeatable levels by time:
     D:2: 1448 daAuts
     D:3: 1381 daAuts
     D:8: 1277 daAuts
     D:1: 1273 daAuts
     D:6: 1056 daAuts
     D:5: 1025 daAuts
     D:4: 748 daAuts
     D:9: 710 daAuts
 Ossuary: 619 daAuts
     D:7: 612 daAuts
  Temple: 234 daAuts
